 Dungeon Crawl Stone Soup version 0.30-a0-800-g7c544603b3 (webtiles) character file.

Game seed: 16735784440459345619

443 Ceno the Sneak (level 7, 0/46 HPs)
             Began as a Formicid Earth Elementalist on Feb 22, 2023.
             Was an Initiate of Elyvilon.
             Slain by an orc
             ... wielding a +4 trident
              (11 damage)
             ... on level 5 of the Dungeon.
             The game lasted 00:11:07 (3528 turns).

Ceno the Sneak (Formicid Earth Elementalist)        Turns: 3528, Time: 00:11:08

Health: 0/46       AC:  3    Str: 13    XL:     7   Next: 23%
Magic:  4/13       EV: 12    Int: 16    God:    Elyvilon [......]
Gold:   214        SH:  0    Dex: 14    Spells: 4/14 levels left

rFire   . . .      SeeInvis +    f - +2 short sword (venom)
rCold   . . .      Faith    .    (no shield)
rNeg    . . .      Spirit   .    a - +0 robe
rPois   .          Reflect  .    (helmet unavailable)
rElec   .          Harm     .    (no cloak)
rCorr   .          Rampage  .    d - +0 pair of gloves
Will    .....                    (no boots)
Stlth   +++                      (no amulet)
HPRegen 0.27/turn                (no ring)
MPRegen 0.13/turn                (no ring)

@: very slightly contaminated
A: permanent stasis, dig shafts and tunnels, antennae 3, four strong arms
a: Dig, Shaft Self, Renounce Religion


You were on level 5 of the Dungeon.
You worshipped Elyvilon.
Elyvilon was noncommittal.
You visited 2 branches of the dungeon, and saw 6 of its levels.

You collected 214 gold pieces.

Inventory:

Hand Weapons
 f - a +2 short sword of venom (weapon)
 j - a +2 whip of electrocution
Missiles
 c - 13 stones (quivered)
Armour
 a - a +0 robe (worn)
 d - a +0 pair of gloves (worn)
Wands
 p - a wand of digging (6)
 q - a wand of polymorph (9)
Scrolls
 g - 3 scrolls of noise
 i - a scroll of fog {unknown}
 l - a scroll of torment {unknown}
 o - a scroll of blinking {unknown}
 r - a scroll of fear {unknown}
Potions
 b - a potion of magic
 e - a potion of berserk rage {unknown}
 h - 2 potions of curing {unknown}
 k - a potion of might {unknown}
 m - a potion of invisibility {unknown}
 n - a potion of attraction {unknown}


   Skills:
 - Level 1.7 Dodging
 - Level 5.0 Stealth
 - Level 4.0 Spellcasting
 * Level 3.5 Conjurations
 - Level 1.1 Transmutations
 + Level 5.0 Earth Magic


You had 4 spell levels left.
You knew the following spells:

 Your Spells              Type           Power      Damage    Failure   Level
a - Sandblast             Erth           38%        2d10      2%          1
b - Passwall              Tmut/Erth      10%        N/A       7%          2
c - Stone Arrow           Conj/Erth      34%        3d9       9%          3
d - Petrify               Tmut/Erth      13%        N/A       43%         4

Your spell library contained the following spells:

 Spells                   Type           Power      Damage    Failure   Level


Dungeon Overview and Level Annotations

Branches:
Dungeon (6/15)             Temple (1/1) D:6

Altars:
Dithmenos
Elyvilon
Fedhas
Gozag
Hepliaklqana
Kikubaaqudgha
Makhleb
Okawaru
Qazlal
Ru
Sif Muna
Trog
Uskayaw
Vehumet
Wu Jian
Yredelemnul
The Shining One

Shops:
D:3 ?

Annotations:
D:6 exclusion: water moccasin, Edmund


Innate Abilities, Weirdness & Mutations

You cannot be hasted, slowed, berserked, paralysed or teleported.
You can dig through walls and to a lower floor.
You have a pair of large antennae on your head. (SInv)
Your four strong arms can wield two-handed weapons with a shield.


Message History

The blast of sand hits the adder!
The adder is almost dead.
The adder bites you.
You are poisoned.
The adder poisons you! The adder barely misses you.
Casting: Sandblast (safe; 2% risk of failure)
Confirm with . or Enter, or press ? or * to list all spells.
Aiming: Sandblast (safe; 2% risk of failure)
Press: ? - help, Shift-Dir - straight line, f/p - adder
Aim: an adder (almost dead, 70% to hit)
The blast of sand hits the adder.
You kill the adder!
You feel sick.
The orc hits you from afar with a +4 trident! x2
Casting: Sandblast (safe; 2% risk of failure)
Confirm with . or Enter, or press ? or * to list all spells.
Aiming: Sandblast (safe; 2% risk of failure)
Press: ? - help, Shift-Dir - straight line, f - orc
Aim: an orc, wielding a +4 trident and wearing a +0 leather armour (82% to hit)
The blast of sand hits the orc.
The orc is heavily wounded.
You feel sick.
The orc hits you from afar with a +4 trident!
* * * LOW HITPOINT WARNING * * *
Casting: Sandblast (safe; 2% risk of failure)
Confirm with . or Enter, or press ? or * to list all spells.
Aiming: Stone Arrow (dangerous; 9% risk of failure)
Press: ? - help, Shift-Dir - straight line, f/p - orc
Aim: an orc, wielding a +4 trident and wearing a +0 leather armour (heavily wounded, 68% to hit)
You miscast Stone Arrow.
Nothing appears to happen.
You feel sick. The orc barely misses you.
Casting: Stone Arrow (dangerous; 9% risk of failure)
Confirm with . or Enter, or press ? or * to list all spells.
Aiming: Stone Arrow (dangerous; 9% risk of failure)
Press: ? - help, Shift-Dir - straight line, f/p - orc
Aim: an orc, wielding a +4 trident and wearing a +0 leather armour (heavily wounded, 68% to hit)
The stone arrow misses the orc.
You feel sick.
You are no longer poisoned.
The orc hits you from afar with a +4 trident!
You die...

.#.# #.#.#.
##.... #.#.#.#
#.....# #.#.#.#
#.....# #.#?#.#
....#.#.#.#.#
#.#.#.#.#.#
#..$..#.#
#.>..@#
#.....#.#
#.#.....#o#
#.[...#.#.#.#
#.......#.#.#..
#.#.....#
#.#.#..
##.#.#.#.
#.#.#.# .#.#.#
# #.#.#.


You could see an orc.

Vanquished Creatures
  4 scorpions (D:6)
  An iguana (D:6)
  7 gnolls (D:2)
  5 adders
  A white imp (D:6)
  A worm (D:2)
  3 dart slugs
  An orc (D:3)
  2 endoplasms
  5 hobgoblins
  4 jackals (D:1)
  4 ball pythons
  4 bats
  3 frilled lizards
  10 goblins
  3 kobolds
  5 rats
63 creatures vanquished.

Notes
Turn   | Place    | Note
-------+----------+-------------------------------------------
     0 | D:1      | Ceno the Formicid Earth Elementalist began the quest for
                  | the Orb.
     0 | D:1      | Reached XP level 1. HP: 13/13 MP: 3/3
     6 | D:1      | Noticed a swamp worm
     6 | D:1      | Noticed a black bear
   106 | D:1      | Reached XP level 2. HP: 19/19 MP: 1/5
   148 | D:1      | Learned a level 2 spell: Passwall
   567 | D:1      | Reached XP level 3. HP: 22/24 MP: 5/7
  1241 | D:2      | Reached XP level 4. HP: 30/30 MP: 9/9
  1530 | D:2      | Reached XP level 5. HP: 35/35 MP: 7/10
  1534 | D:2      | Learned a level 3 spell: Stone Arrow
  1539 | D:2      | Learned a level 4 spell: Petrify
  1881 | D:2      | Reached skill level 5 in Stealth
  2275 | D:3      | Found Kisusoff's Magic Scroll Shoppe.
  2306 | D:3      | Reached skill level 1 in Conjurations
  2341 | D:3      | Found an ornate altar of the Wu Jian Council.
  2466 | D:3      | You fall into a shaft and drop 3 floors!
  2557 | D:6      | Noticed a water moccasin
  2586 | D:6      | Noticed Edmund
  2739 | D:6      | Reached XP level 6. HP: 33/41 MP: 4/12
  3030 | D:6      | Reached XP level 7. HP: 36/46 MP: 4/13
  3100 | D:6      | Noticed a water moccasin
  3113 | D:6      | Found a staircase to the Ecumenical Temple.
  3120 | D:6      | Reached skill level 5 in Earth Magic
  3124 | Temple   | Entered the Ecumenical Temple
  3372 | Temple   | Became a worshipper of Elyvilon the Healer
  3519 | D:5      | Entered Level 5 of the Dungeon
  3528 | D:5      | Slain by an orc

Illustrated notes

Levels and vault maps discovered:
D:1:      onia_arrival_zoo_common, layout_basic, amethyst_killhole
D:2:      cheibrodos_greedy_goblins, layout_loops_ring
D:3:      layout_rooms, zin_scriptorium, marbit_many_paths, serial_shops, shop,
          chequers_arboretum, nicolae_figureground_pulse
D:5:      layout_basic
D:6:      layout_loops_corners, minmay_temple_entry_drinking_statues,
          uniq_edmund
Temple:   regret_index_temple_sphere_string

Skill      XL: |  1  2  3  4  5  6  7 |
---------------+----------------------+-----
Stealth        | 3 4 5 |  5.0
Spellcasting   | 3 4 |  4.0
Conjurations   | 2 3 |  3.5
Earth Magic    | 4 5 |  5.0
Dodging        | |  1.7
Transmutations | |  1.1

Action                     |  1- 3 |  4- 6 |  7- 9 || total
---------------------------+-------+-------+-------++-------
  Melee: Unarmed           |    10 |       |       ||    10
         Dagger            |     3 |       |       ||     3
         Short sword       |     6 |    10 |       ||    16
  Throw: Stone             |       |     1 |       ||     1
   Cast: Sandblast         |    32 |    53 |    11 ||    96
         Passwall          |     1 |       |       ||     1
         Stone Arrow       |       |     7 |     3 ||    10
    Use: Scroll            |       |     1 |       ||     1
   Stab: Sleeping          |     8 |     2 |       ||    10
 Armour: Robe              |     7 |     7 |     2 ||    16
  Dodge: Dodged            |    16 |    24 |     6 ||    46

Table legend: (Time is in decaauts)
 A = Elapsed time spent in this place.
 B = Non-inter-level travel time spent in this place.
 C = Inter-level travel time spent in this place.
 D = Time resting spent in this place.
 E = Time spent auto-exploring this place.
 F = Levels seen in this place.
 G = Mean time per level.
                   A        B        C        D        E       F      G
               +--------+--------+--------+--------+--------+-----+--------+
         Total |   3577 |   3333 |    244 |    786 |   1327 |   6 |  596.2 |
       Dungeon |   3300 |   3137 |    163 |    734 |   1204 |   5 |  660.0 |
        Temple |    276 |    195 |     81 |     52 |    123 |   1 |  276.0 |
               +--------+--------+--------+--------+--------+-----+--------+

Top non-repeatable levels by time:
     D:2: 1260 daAuts
     D:1: 1003 daAuts
     D:6: 785 daAuts
  Temple: 276 daAuts
     D:3: 240 daAuts
     D:5: 10 daAuts
